 Dungeon Crawl Stone Soup version 0.21-a0-79-g04744e2 (webtiles) character file.

23 atomicknyte the Chiller (level 2, 0/19 HPs)
             Began as a Barachi Ice Elementalist on June 22, 2017.
             Succumbed to an adder's poison
             ... on level 1 of the Dungeon.
             The game lasted 00:05:09 (784 turns).

atomicknyte the Chiller (Barachi Ice Elementalist)   Turns: 784, Time: 00:05:09

Health: 0/19       AC:  4    Str:  9    XL:     2   Next: 95%
Magic:  4/5        EV: 12    Int: 15    God:
Gold:   65         SH:  0    Dex: 12    Spells: 5/6 levels left

rFire    . . .     SeeInvis .   d - +0 spear (flame)
rCold    . . .     Gourm    .   (no shield)
rNeg     . . .     Faith    .   a - +0 robe
rPois    .         Spirit   .   (no helmet)
rElec    .         Reflect  .   (no cloak)
rCorr    .         Harm     .   n - +1 pair of gloves
MR       .....                  (no boots)
Stlth    ++........             (no amulet)
HPRegen  0.06/turn              (no ring)
MPRegen  0.09/turn              (no ring)

@: lethally poisoned (0 -> -4), flying, slow
A: +LOS, swims, slowness 1, strong legs 1
a: Hop


You were on level 1 of the Dungeon.
You were not hungry.

You visited 1 branch of the dungeon, and saw 2 of its levels.

You collected 65 gold pieces.

Inventory:

Hand Weapons
 d - a +0 spear of flaming (weapon)
Missiles
 f - 30 sling bullets
 i - 10 stones (quivered)
Armour
 a - a +0 robe (worn)
 n - a +1 pair of gloves (worn)
Jewellery
 k - a cursed -2 ring of slaying
Scrolls
 e - a scroll of identify
 h - a scroll of fog
Books
 b - a book of Frost

   Spells                             Type                      Level
   a - Freeze                         Ice                          1
   b - Throw Frost                    Conjuration/Ice              2
   c - Ozocubu's Armour               Charms/Ice                   3
   d - Throw Icicle                   Conjuration/Ice              4
   e - Summon Ice Beast               Ice/Summoning                4
Comestibles
 c - 2 bread rations
 l - 2 fruits
 m - 2 chunks of flesh


   Skills:
 - Level 2.1 Dodging
 - Level 1.7 Stealth
 + Level 2.9 Spellcasting
   Level 1.1 Conjurations
 + Level 4.2 Ice Magic


You had 5 spell levels left.
You knew the following spells:

 Your Spells              Type           Power        Failure   Level  Hunger
a - Freeze                Ice            ###.         3%          1    #......


Dungeon Overview and Level Annotations

Branches:
Dungeon (2/15)

Altars:
Okawaru


Innate Abilities, Weirdness & Mutations

Shadows flee at your approach. (+LOS)
You can swim through water.
You cover ground slowly.
You can hop short distances.


Message History

You feel sick.
* * * LOW HITPOINT WARNING * * *
You feel sick.
You aren't carrying any potions.
As you read the scroll labeled ITEICUTWUF, it crumbles to dust.
The scroll dissolves into smoke.
It was a scroll of fog.
As you read the scroll labeled DATWECR VYNYKHLUY, it crumbles to dust.
It is a scroll of identify.
k - a cursed -2 ring of slaying
As you read the scroll labeled POSANEO HADEVU, it crumbles to dust.
It is a scroll of enchant armour.
Your +0 pair of gloves glows green for a moment.
* * * LOW HITPOINT WARNING * * *
You feel sick.
You see here 2 chunks of flesh.
Okay, then.
* * * LOW HITPOINT WARNING * * *
You feel sick.
Your magical contamination has completely faded away.
You die...

####.#.#.......# #####
#..........#.### ....#
#..........#.# ....#
###.......>..#.#
....####............#.########
#.....##.###......###........#
#...####'####...§§# ########.#
#...#.......#...§§###### #.#
....#.⌠...⌠.#..§@§§§§§§# #.#
#...#.......#§§§§§###### #.#
#...'...⌠...'..§§.# #.#
#...#.......#.....# #.#
#...#.⌠...⌠.####### #.#
....#.......# #.#
....####'#### #.# .......#.#
#.# .......#.# #.#


There were no monsters in sight!

Vanquished Creatures
  An adder (D:1)
  An ooze (D:1)
  A leopard gecko (D:2)
  2 bats (D:1)
  A goblin (D:1)
  A hobgoblin (D:1)
  A kobold (D:1)
  2 rats (D:1)
10 creatures vanquished.

Notes
Turn   | Place    | Note
-------+----------+-------------------------------------------
     0 | D:1      | atomicknyte the Barachi Ice Elementalist began the quest for the Orb.
     0 | D:1      | Reached XP level 1. HP: 13/13 MP: 3/3
    27 | D:1      | Found an iron altar of Okawaru.
    78 | D:1      | Reached XP level 2. HP: 9/19 MP: 1/5
   352 | D:1      | Reached skill level 4 in Ice Magic
   784 | D:1      | Succumbed to an adder's poison

Vault maps used:
D:1:      ncdulo_wetmaze, minmay_fountain_box, okawaru_ov_weapons_minmay
D:2:      minmay_goblin_outpost

Skill      XL: |  1  2 |
---------------+-------+-----
Ice Magic      | 4 |  4.2
Dodging        | |  2.1
Stealth        | |  1.7
Spellcasting   | |  2.9
Conjurations   | |  1.1

Action                   || total
-------------------------++-------
Melee: Spear             ||    21
Throw: Stone             ||    11
 Cast: Freeze            ||     7
  Use: Scroll            ||     3
       Potion            ||     1
 Stab: Sleeping          ||     1
Armor: Robe              ||     6
Dodge: Dodged            ||    13
